[Event "57th Biel Festival MTO 2024"]
[White "Macovei,Andrei"]
[Black "Juksta,Karolis"]
[Site "Biel"]
[Round "5.10"]
[Annotator "ChessBase"]
[Result "1/2-1/2"]
[Date "2024.07.19"]
[WhiteElo "2479"]
[BlackElo "2400"]
[PlyCount "80"]
[TimeControl "60"]

1. e4 e6 2. d4 d5 3. e5 c5 4. c3 Qb6 5. Nf3 Bd7 6. Be2 Bb5 7. Bxb5+ Qxb5 8. Na3 Qd7 9. Nc2 cxd4 10. cxd4 Nc6 11. O-O Nge7 12. Ne3 Ng6 13. h4 Be7 14. h5 Nh4 15. Nxh4 Bxh4 16. Qg4 Be7 17. Qxg7 O-O-O 18. Qg4 f6 19. exf6 Bxf6 20. Nc2 Rhg8 21. Qh3 Nxd4 22. Nxd4 Bxd4 23. Be3 Bxe3 24. Qxe3 Kb8 25. Rfe1 Qf7 26. Qxe6 Qxh5 27. Qe5+ Qxe5 28. Rxe5 Rge8 29. Rae1 Rxe5 30. Rxe5 d4 31. Kf1 d3 32. Ke1 Rc8 33. Kd2 Rc2+ 34. Kxd3 Rxf2 35. Kc3 Rxg2 36. Re8+ Kc7 37. Re7+ Kc6 38. Rxh7 Rg3+ 39. Kc2 Rg2+ 40. Kc3 Rg3+ 1/2-1/2

[Event "57th Biel Festival MTO 2024"]
[White "Ayush Sharma"]
[Black "Assaubayeva,Bibisara"]
[Site "Biel"]
[Round "5.11"]
[Annotator "RC"]
[Result "1/2-1/2"]
[Date "2024.07.19"]
[WhiteElo "2325"]
[BlackElo "2472"]
[PlyCount "63"]
[TimeControl "60"]

1. Nf3 c5 2. c4 g6 3. d4 Bg7 4. e4 cxd4 5. Nxd4 Nc6 6. Be3 Qb6 7. Nb5 Qa5+ 8. N1c3 Nf6 9. f3 d6 10. Be2 O-O 11. O-O Bd7 12. a3 Rfc8 13. b4 Qd8 14. Nd4 Nxd4 15. Bxd4 Be6 16. Nd5 Bxd5 17. cxd5 Nd7 18. Bxg7 Kxg7 19. Qd4+ Kg8 20. Rfc1 Qb6 21. Qxb6 Nxb6 22. Kf2 Kf8 23. h4 Ke8 24. a4 Rxc1 25. Rxc1 Rc8 26. Rxc8+ Nxc8 27. Ke3 e5 28. dxe6 fxe6 29. Kf4 Kf7 30. e5 d5 31. g4 h6 32. Bd3 1/2-1/2

[Event "57th Biel Festival MTO 2024"]
[White "Nurman,Alua"]
[Black "Materia,Marco"]
[Site "Biel"]
[Round "5.12"]
[Annotator "TA"]
[Result "1/2-1/2"]
[Date "2024.07.19"]
[WhiteElo "2274"]
[BlackElo "2453"]
[PlyCount "118"]
[TimeControl "60"]

1. e4 c5 2. Nf3 e6 3. d4 cxd4 4. Nxd4 Nc6 5. Nc3 Nf6 6. Be2 d6 7. O-O Be7 8. Be3 O-O 9. Kh1 Qc7 10. f4 a6 11. Qe1 Nxd4 12. Bxd4 b5 13. a3 Bb7 14. Qg3 Rad8 15. Rae1 Bc6 16. Bd3 Qd7 17. Nd1 Nh5 18. Qg4 Nf6 19. Qg3 g6 20. f5 e5 21. Be3 Bxe4 (21... Nxe4 $2 22. Bxe4 Bxe4 23. f6 Bxf6 24. Rxf6 $18 )22. Bh6 Bxd3 23. cxd3 Rfe8 24. Qh4 {[%emt 0:3:28] Ne3 would now be deadly.} Nh5 (24... gxf5 25. Qg5+ Kh8 26. Qg7# )25. f6 Nxf6 ({But not} 25... Bf8 $2 26. Bxf8 Rxf8 27. g4 Nxf6 28. Rxf6 $18 )26. Rxf6 Qf5 $132 {[%emt 0:0:8][%mdl 2048] [#] Inhibits Rf1. Black is not keeping still} 27. Bg5 Bxf6 28. Bxf6 Rc8 29. Kg1 (29. Nc3 $11 )Re6 $1 $17 ({Stronger than} 29... Qxd3 30. Qh6 Qd4+ 31. Kh1 )30. Rf1 (30. Bg5 $142 f6 (30... Qxd3 31. Ne3 $15 )31. Bh6 )Qxd3 {[%emt 0:0:20] Threatens to win with ...Rc1.} 31. Nf2 Qe3 {[%emt 0:8:52] aiming for ...h6.} 32. Bg5 Qd4 33. Qxd4 exd4 34. Nd3 f5 ({Black should play} 34... Rc2 $17 {Strongly threatening ...Ree2.} 35. Bc1 a5 (35... Ree2 36. Nf4 $17 ))35. Rf2 $1 $11 {[%emt 0:2:34] Prevents Re2} Kf7 36. Rd2 Re4 37. h3 a5 38. Kh2 Rc4 39. Nf2 Re8 40. b3 (40. Nd3 $15 )Rc3 $17 41. Rxd4 Rxb3 (41... Re6 $142 42. b4 Rxa3 )42. Rxd6 Rxa3 {[%emt 0:7:51] And now ...a4 would win.} 43. Nd3 Rc3 {[%emt 0:11:42] ...b4 is the strong threat.} 44. Bd2 $1 {[%emt 0:0:0] [#]} Rc2 45. Bxa5 Ree2 46. Ne1 Ra2 47. Bc3 Ra3 48. Bd2 Rb3 49. Ba5 (49. Rd5 $15 )Ke7 ({Black should try} 49... f4 $17 {Hoping for ...f3.} 50. Rd4 g5 )50. Rd4 Re4 51. Rd5 {[%emt 0:0:45] The position is equal.} Ke6 52. Rd8 Ra3 53. Bd2 Ke7 54. Bg5+ Kf7 55. Nd3 Rc3 56. Nf4 Rc7 {[%emt 0:0:25] Dodges Rd7+} 57. Rb8 {[%emt 0:1:14][%mdl 1024] White has compensation.} b4 58. h4 Rd7 59. Rb6 Rc4 {[%emt 0:1:52] Weighted Error Value: White=0.11 (very precise) /Black=0.11 (very precise) .  Mistake:       	White=4     	Black=3      Inaccurate:     	White=1     	Black=3      OK:         	White=16    	Black=18     Best:        	White=5     	Black=5      Strong:       	White=2     	Black=1} 1/2-1/2

[Event "57th Biel Festival MTO 2024"]
[White "Xue,Haowen"]
[Black "Balabayeva,Xeniya"]
[Site "Biel"]
[Round "5.13"]
[Annotator "TA"]
[Result "1/2-1/2"]
[Date "2024.07.19"]
[WhiteElo "2452"]
[BlackElo "2246"]
[PlyCount "144"]
[TimeControl "60"]

1. d4 d5 2. c4 e6 3. Nf3 Nf6 4. Nc3 c6 5. Bg5 h6 6. Bh4 Be7 7. e3 Nbd7 8. Qc2 O-O 9. a3 b6 10. cxd5 cxd5 11. Bd3 Bb7 12. O-O Rc8 13. Rfc1 a6 14. Qe2 b5 15. Nd2 Nb6 16. b4 Nc4 17. Nb3 Nd7 18. Bxe7 Qxe7 19. Nc5 Nxc5 20. bxc5 e5 21. a4 Bc6 22. Rab1 Rb8 23. axb5 axb5 24. Na2 Qf6 ({Black should play} 24... exd4 25. exd4 (25. Nb4 Qxc5 26. Na6 Qb6 $11 )Qg5 )25. Nb4 $16 e4 26. Bc2 $1 Ra8 27. Ra1 Qe6 28. Qd1 Qd7 29. Rxa8 Rxa8 30. Ra1 Qb7 31. h3 Kf8 (31... Bd7 $14 )32. Rb1 (32. Rxa8+ $1 $18 Qxa8 33. Bb3 )g6 33. Qe1 Na3 34. Ra1 Nxc2 35. Rxa8+ (35. Nxc2 $6 Rxa1 36. Qxa1 b4 $11 )Qxa8 36. Nxc2 Ke7 (36... Ke8 $142 37. Qc3 g5 )37. Nb4 $16 Kd7 (37... Kf8 $16 38. Qd1 Bd7 )38. f3 $18 exf3 {[%emt 0:0:40] [#]} 39. gxf3 $2 (39. Qf1 $1 $18 )Qa3 $11 40. Qd2 f6 41. Kh2 Qb3 42. Kg3 Qb1 43. Kg2 Qb3 44. Kf2 Bb7 45. Nd3 Bc6 46. Kg3 Qb1 47. Kg2 Qb3 48. Nb4 Bb7 49. h4 h5 50. Nd3 Bc6 51. Nb4 Bb7 52. Kf2 Qa3 53. Kg3 Qb3 54. Kg2 Qa3 55. Kh2 Bc6 56. Kg3 Bb7 57. Kg2 Qb3 58. Kf2 Qa3 59. Qe1 Qb2+ 60. Kg3 Qb3 61. Kh3 Qb2 62. Nd3 Qc2 63. Nf4 Qf5+ 64. Kg3 g5 65. Ng2 (65. Nxh5 $2 gxh4+ 66. Kxh4 Qg5+ (66... Qxf3 67. Nf4 $11 )67. Kh3 Qxh5+ $19 )Ke7 66. Qa5 gxh4+ 67. Kh2 Bc8 68. Qxb5 {[%emt 0:3:43] [#]} (68. Nf4 $11 )Qxf3 (68... Qc2 $1 $17 {...h3 is the strong threat.} 69. Kg1 Qd2 (69... Qd1+ $2 70. Qf1 $18 ))69. Qb8 $11 (69. Nxh4 $2 {too greedy.} Qh3+ (69... Qxe3 70. Qb7+ Bxb7 71. Nf5+ Kf7 72. Nxe3 $11 )70. Kg1 Qxe3+ (70... Qxh4 $2 71. Kf1 $19 )71. Kf1 Qf4+ (71... Qxd4 $2 72. Qe2+ Kd8 73. Qxh5 $19 )(71... Bh3+ $2 72. Ng2 $19 )72. Ke2 Qxh4 $19 )h3 70. Nf4 Qf2+ 71. Kh1 Qf1+ 72. Kh2 Qf2+ 1/2-1/2

[Event "57th Biel Festival MTO 2024"]
[White "Sethuraman,S.P."]
[Black "Munguntuul,Batkhuyag"]
[Site "Biel"]
[Round "5.14"]
[Annotator "TA"]
[Result "1-0"]
[Date "2024.07.19"]
[WhiteElo "2587"]
[BlackElo "2376"]
[PlyCount "99"]
[TimeControl "60"]

1. e4 c6 2. d4 d5 3. e5 c5 4. Nf3 cxd4 5. Nxd4 Nc6 6. Nxc6 {[%emt 0:0:9] B12: Caro-Kann (Vorstoß-Variante).} bxc6 7. Bd3 Qc7 8. Qe2 e6 9. Nd2 Bc5 10. h4 $146 ({Predecessor:} 10. Nf3 Ne7 11. Bf4 Bb7 12. h4 Qb6 13. h5 h6 14. c4 dxc4 15. Bxc4 Bb4+ 16. Kf1 {0-1 Ten Hertog,H (2475)-Sandipan,C (2548) Leiden op-A 12th 2018 (7)} )Ne7 11. h5 h6 12. c3 a5 13. Nb3 Bb6 14. Nd4 Qa7 15. Be3 Ba6 16. O-O-O Bxd3 17. Rxd3 O-O 18. g4 c5 19. Nb5 Qd7 20. Rdd1 f5 $2 (20... c4 $1 $11 {und Schwarz ist OK.} 21. Nd6 Bxe3+ 22. Qxe3 Qa7 )21. exf6 $1 $18 Rxf6 22. g5 hxg5 23. Bxg5 Rf5 24. Rhg1 $2 (24. f4 $18 )Kh7 (24... c4 $1 $14 )25. c4 Raf8 {[%emt 0:7:40] [#]} (25... Nc6 $16 {war nötig.} )26. f4 (26. Bxe7 $1 $18 Qxe7 27. cxd5 Rxf2 28. Qe4+ (28. Qxe6 Bd8 $16 )Kh8 29. Rg6 (29. Qxe6 Qf7 $18 )(29. dxe6 Qf6 $18 ))Nc6 $16 {[%emt 0:1:41] [#]} 27. Rge1 $1 Bd8 28. Qxe6 Qxe6 29. Rxe6 Bxg5 30. fxg5 (30. Rxc6 Bxf4+ (30... Rxf4 $2 31. Kb1 $19 )31. Kc2 d4 $17 (31... dxc4 $2 32. Na3 $19 )(31... Rxh5 32. cxd5 Rh2+ 33. Kd3 $11 ))Nd4 (30... Nd8 $16 31. Rd6 Rxg5 )31. Nxd4 $18 cxd4 32. c5 (32. Rxd4 dxc4 33. Rg6 (33. Rxc4 Rxg5 34. Re1 Rxh5 $11 )R8f7 $16 )Rxg5 33. Ra6 ({Viel schlechter ist} 33. Rxd4 $6 Rc8 $11 )Rf2 (33... Rxh5 {ist wohl besser.} 34. Rxa5 g5 35. Rxd4 Rh1+ 36. Rd1 Rxd1+ 37. Kxd1 Rf7 )34. Rxa5 $18 d3 35. Rxd3 Rg1+ 36. Rd1 Rxd1+ (36... Rg4 $142 37. Kb1 (37. Rxd5 Rc4+ 38. Kd1 Rxb2 $11 )d4 )37. Kxd1 $18 Rxb2 38. c6 Rb8 39. Rxd5 g6 40. Kc2 Rc8 41. Rc5 gxh5 42. Kc3 ({Und nicht} 42. Rxh5+ Kg6 43. Rh2 (43. Rc5 Kf6 $11 )Rxc6+ 44. Kb3 Kf7 $11 )h4 43. Kc4 h3 44. Kb5 Rb8+ 45. Ka6 Ra8+ 46. Kb7 Rxa2 47. Rh5+ Kg6 48. Rxh3 Rb2+ 49. Kc8 Kf6 50. Re3 1-0

[Event "57th Biel Festival MTO 2024"]
[White "Chinguun,Sumiya"]
[Black "Valsecchi,Alessio"]
[Site "Biel"]
[Round "5.15"]
[Annotator "ChessBase"]
[Result "1-0"]
[Date "2024.07.19"]
[WhiteElo "2348"]
[BlackElo "2483"]
[PlyCount "99"]
[TimeControl "60"]

1. e4 c5 2. Nc3 d6 3. f4 g6 4. Nf3 Bg7 5. Bb5+ Bd7 6. Bc4 Nc6 7. d3 Na5 8. Bd2 e6 9. e5 d5 10. Bb5 Nc6 11. Bxc6 Bxc6 12. Qe2 Ne7 13. a4 h5 14. d4 b6 15. Qf2 Nf5 16. Ne2 Bf8 17. c3 c4 18. O-O a5 19. Qe1 Be7 20. Ng3 Rb8 21. Nxf5 gxf5 22. Ra2 b5 23. axb5 Rxb5 24. Qg3 Kd7 25. Rfa1 Rg8 26. Ng5 a4 27. Rxa4 Rxb2 28. Ra7+ Bb7 29. Bc1 Rb3 30. Nxf7 Qe8 31. Ng5 Qg6 32. h4 Rb8 33. Ba3 Bxg5 34. fxg5 f4 35. Qxf4 Qf5 36. Qxf5 exf5 37. Bb4 Kc6 38. Rf1 Bc8 39. Rh7 Ra8 40. g6 Be6 41. Rxh5 Rxb4 42. cxb4 Kb5 43. Rh7 Rc8 44. Re7 Bg8 45. h5 Kxb4 46. Rc1 c3 47. h6 Kc4 48. h7 Bxh7 49. gxh7 Kxd4 50. Rc7 1-0

[Event "57th Biel Festival MTO 2024"]
[White "Bilguun,Sumiya"]
[Black "Dotzer,Lukas"]
[Site "Biel"]
[Round "5.16"]
[Annotator "TA"]
[Result "1/2-1/2"]
[Date "2024.07.19"]
[WhiteElo "2466"]
[BlackElo "2369"]
[PlyCount "54"]
[TimeControl "60"]

1. e4 c5 2. Nc3 e6 3. f4 d5 4. Nf3 dxe4 5. Nxe4 Nc6 6. Bb5 Bd7 7. Qe2 Nf6 8. f5 Be7 9. fxe6 Bxe6 10. Nfg5 {[%emt 0:6:42] Strongly threatening Nxe6.} Nxe4 11. Nxe6 fxe6 12. Qxe4 Qd5 (12... O-O {feels hotter.} 13. Bxc6 bxc6 14. d3 Rb8 )13. Qxd5 {[%emt 0:20:19] The position is equal.} (13. d3 {with more complications.} O-O 14. Bxc6 bxc6 15. Be3 )exd5 14. O-O O-O-O 15. c3 {[%emt 0:22:57] Repels Nd4. White is weak on the dark squares} d4 16. b3 dxc3 17. dxc3 Bf6 18. Be3 Bxc3 19. Rac1 Bd4 20. Bxd4 cxd4 21. Bxc6 bxc6 $11 {[%emt 0:0:5][%mdl 4096] Endgame. KRR-KRR} 22. Rf7 d3 23. Rxc6+ Kb8 {[%emt 0:0:6] [#] ...d2 would now be deadly.} 24. Rcc7 (24. Rxg7 d2 25. Rf7 d1=Q+ (25... d1=R+ $2 26. Kf2 $19 )26. Kf2 Rhg8 (26... Rd2+ 27. Kg3 Rg8+ 28. Rg7 Rxg7+ 29. Kf4 Qg4+ 30. Ke5 Re2+ 31. Kd5 Rg5+ 32. Kd6 Qe6# )(26... Rd2+ 27. Kg3 Rg8+ 28. Rg7 Rxg7+ 29. Kf4 Qg4+ 30. Ke5 Re2+ 31. Kd5 Rg5+ 32. Kd6 Qe6# ))d2 25. Rb7+ (25. Rxg7 d1=Q+ (25... d1=R+ $2 26. Kf2 $19 )26. Kf2 Qd2+ 27. Kg3 Rd3+ (27... Qxa2 $2 28. Rb7+ Ka8 29. Rxa7+ Qxa7 30. Rxa7+ Kxa7 31. Kf4 $19 )28. Kg4 Rd4+ (28... Qxa2 29. Rcd7 Qxg2+ 30. Kf5 Qf3+ 31. Ke5 Qe2+ 32. Kf5 Rf3+ 33. Kg5 Qg2+ 34. Kh6 Rh3# )29. Kh5 Qe2+ (29... Qxa2 30. Rce7 Qa5+ 31. Rg5 Qb4 32. g4 Qxe7 33. h3 Rd3 34. Rb5+ Ka8 35. Rb8+ Kxb8 36. g5 Qf7+ 37. Kh4 Qf4+ 38. Kh5 Rxh3# )30. Kh6 Qe6+ (30... Qxa2 31. Rb7+ Kc8 32. Rbc7+ Kd8 33. h4 Qd2+ 34. Kh5 Qe2+ 35. Kh6 Rxh4+ 36. Kg5 Qg4+ 37. Kf6 Qd4+ 38. Ke6 Re4+ 39. Kf7 Qf2# )31. Kg5 Qe5+ 32. Kh6 Rh4# )Ka8 26. Rxa7+ Kb8 27. Rab7+ (27. Rxg7 {leads to mate.} d1=Q+ (27... d1=B 28. Rgb7+ Kc8 29. Rxh7 $14 )28. Kf2 Qd2+ 29. Kg3 Rd3+ 30. Kg4 Rd4+ (30... Qxg2+ {gets mated.} 31. Kf5 Qd5+ 32. Kf6 Rf3+ 33. Ke7 Re3+ 34. Kf6 Rf8+ 35. Rgf7 Qe5# )31. Kh5 Qe2+ (31... Rd5+ 32. Kg4 Qxg2+ 33. Kf4 Rd4+ 34. Ke5 Qe4+ 35. Kf6 Qf4+ 36. Ke7 Qe5+ 37. Kf7 Rf4# )32. Kh6 Qe6+ 33. Kh5 Qe5+ 34. Rg5 Qxh2# )Ka8 {[%emt 0:0:7] Not much happened in this game.   Weighted Error Value: White=0.02 (flawless) /Black=0.04 (flawless) .  Inaccurate:     	---       	Black=1      OK:         	White=15    	Black=7      Best:        	---       	Black=2} 1/2-1/2

[Event "57th Biel Festival MTO 2024"]
[White "Thavandiran,Shiyam"]
[Black "Ansat,Aldiyar"]
[Site "Biel"]
[Round "5.17"]
[Annotator "TA"]
[Result "0-1"]
[Date "2024.07.19"]
[WhiteElo "2387"]
[BlackElo "2437"]
[PlyCount "46"]
[TimeControl "60"]

1. e4 c5 2. Nf3 d6 3. d4 cxd4 4. Nxd4 Nf6 5. Nc3 Nc6 6. Bg5 e6 7. Bb5 Bd7 8. Qd3 Qb6 9. Bxc6 bxc6 10. O-O {[%emt 0:15:54] The position is equal.} Be7 11. e5 dxe5 12. Nf3 Bc8 {[%emt 0:6:42] [#] ...Ba6 would now be deadly.} (12... Qxb2 13. Nxe5 Rd8 14. Rab1 $18 )13. Bxf6 (13. Qd2 $15 )gxf6 $17 14. Rfd1 O-O (14... Qxb2 $6 15. Rab1 Qa3 16. Rb3 $11 )15. Qe4 (15. Qc4 $17 )Qxb2 $19 16. Qe3 Qxc2 (16... Qb6 $19 17. Qh6 Qb4 )17. Ne4 $17 Kh8 18. Rac1 Qa4 (18... Qxa2 $2 19. Qh6 (19. Rxc6 $2 Qa4 $19 )Rg8 20. Nxf6 $18 )19. Nd4 $2 {[%emt 0:2:1] [#]} (19. Nfd2 f5 (19... Qxa2 $2 {perishes.} 20. Qh6 $18 )20. Nc5 )exd4 $19 {[%emt 0:5:26] Black is clearly winning.} 20. Rxd4 Qb5 21. Nc5 Bxc5 22. Qh6 (22. Rxc5 $142 Qb1+ (22... Qxc5 $2 23. Qh6 $19 )23. Rc1 )Be7 23. h4 Rg8 {[%emt 0:0:17] White got outplayed after the opening.   Weighted Error Value: White=0.97/Black=0.14 (very precise) .  Mistake:       	White=4     	Black=1      Inaccurate:     	White=2     	Black=1      OK:         	White=3     	Black=4      Best:        	White=1     	Black=3} 0-1

[Event "57th Biel Festival MTO 2024"]
[White "Deuer,Marius"]
[Black "Haimovich,Tal"]
[Site "Biel"]
[Round "5.18"]
[Annotator "TA"]
[Result "0-1"]
[Date "2024.07.19"]
[WhiteElo "2435"]
[BlackElo "2330"]
[PlyCount "56"]
[TimeControl "60"]

1. d4 d5 2. c4 e6 3. Nc3 Be7 4. cxd5 exd5 5. Bf4 c6 6. e3 Bf5 7. Nge2 Nf6 8. Ng3 Bg6 9. h4 h5 10. Bd3 {[%emt 0:0:29] The position is equal.} Bxd3 11. Qxd3 g6 12. O-O-O Na6 13. f3 Qa5 14. Kb1 O-O-O 15. e4 dxe4 16. fxe4 Ng4 17. Qf3 {[%emt 0:7:34] Inhibits Nf2.} Rd7 18. d5 {[%emt 0:10:47] [#] Strongly threatening dxc6.} Rhd8 19. Rc1 Bf6 20. dxc6 Rd3 (20... bxc6 {feels hotter.} 21. Nd5 Ne5 22. Qc3 Qxc3 23. Rxc3 Bg7 )21. cxb7+ Kxb7 22. Qe2 Bxc3 23. Rxc3 Rxc3 24. bxc3 Nc5 $36 {[%emt 0:2:21][%cal Oc5d3][%mdl 2048] aiming for ...Nd3! Black is more active.} 25. Qc4 {[%emt 0:2:23][%cal Ob1a1] Hoping for Ka1!} Nf2 {[%emt 0:15:51] A dynamic duo of knights.} 26. Rf1 Nfd3 {[%emt 0:5:47] ( -> ...Qb6+)} 27. Kc2 (27. Qxf7+ $2 Rd7 $19 )Ka8 {[%emt 0:2:35] Chess con chili.} 28. Be3 {[%emt 0:2:33][%mdl 8192] [#]} (28. Qxf7 Qa4+ 29. Kd2 Nxf4+ (29... Ne5+ $2 30. Qd5+ Rxd5+ 31. exd5 $19 )30. Kc1 Nfd3+ (30... Nxg2 {gets mated.} 31. Nf5 gxf5 32. Rg1 Qa3+ 33. Kb1 Rb8+ 34. Qb3 Nxb3 35. axb3 Qxb3+ 36. Kc1 Qb2+ 37. Kd1 Rd8# )31. Kd2 Ne5+ (31... Nxe4+ $2 32. Nxe4 Ne5+ 33. Kc1 $19 )32. Ke3 Nxf7 33. Rxf7 Qxa2 (33... Rd3+ {leads to mate.} 34. Kf4 Qxa2 35. Rf8+ Kb7 36. Kg5 Ne6+ 37. Kf6 Nxf8 38. Kg5 Qxg2 39. Kf6 Qxg3 40. Kg7 Qc7+ 41. Kh6 Rg3 42. e5 Qh7# )34. Rf2 Rd3+ 35. Kf4 Qxf2+ 36. Kg5 Ne6+ (36... Qxg3+ 37. Kh6 Nxe4 38. c4 Rd7 39. c5 Nf6 40. c6 Rh7# )37. Kh6 Qf8+ (37... Rxg3 $2 38. c4 Qf8+ 39. Kh7 Qg7# )38. Kxg6 Rxg3+ 39. Kxh5 Qh8# )(28. Ne2 $11 )Ne5 $1 {[%emt 0:0:36] Weighted Error Value: White=0.36/Black=0.06 (flawless) .  Loses game:     	White=1     	---        Inaccurate:     	White=1     	Black=2      OK:         	White=8     	Black=6      Best:        	White=1     	Black=2      Strong:       	---       	Black=1} 0-1

[Event "57th Biel Festival MTO 2024"]
[White "Rosen,Eric"]
[Black "Fromm,Marius"]
[Site "Biel"]
[Round "5.19"]
[Annotator "TA"]
[Result "1/2-1/2"]
[Date "2024.07.19"]
[WhiteElo "2361"]
[BlackElo "2465"]
[PlyCount "72"]
[TimeControl "60"]

1. e4 e6 2. d4 d5 3. Bd3 dxe4 4. Bxe4 Nf6 5. Bf3 c5 6. Ne2 Be7 7. O-O O-O 8. Be3 Nc6 9. dxc5 Ne5 10. Nd2 Qc7 11. b4 a5 12. c3 (12. a3 $14 )Rd8 {[%emt 0:1:8] [#] ...Nxf3+ would now be deadly.} 13. Nd4 Nxf3+ 14. Qxf3 Nd5 15. a3 axb4 16. cxb4 e5 17. Nb5 Qc6 {[%emt 0:0:15] [#]} 18. Nd6 Bxd6 19. cxd6 Qxd6 20. Nc4 Qb8 21. Nb6 Nxb6 {[%emt 0:0:8] The position is equal.} 22. Bxb6 Rd6 23. Rfd1 Bd7 24. Rxd6 Qxd6 25. Rd1 (25. Qxb7 $2 {too greedy.} Bc6 (25... Rxa3 26. Qa8+ Rxa8 27. Rxa8+ $11 )26. Qc7 Qg6 $19 )Qc6 26. Qxc6 Bxc6 27. Rd8+ Rxd8 28. Bxd8 $11 {[%emt 0:0:5][%mdl 4096] Endgame. KB-KB} f6 29. f3 Kf7 30. Kf2 Ke6 31. Ke3 Kd5 32. g4 Ke6 33. Bc7 g5 34. Bd8 Be8 35. Kf2 h5 36. Kg3 h4+ {[%emt 0:0:24] An interesting draw.   Weighted Error Value: White=0.07 (flawless) /Black=0.08 (flawless) .  Mistake:       	White=1     	---        Inaccurate:     	---       	Black=3      OK:         	White=9     	Black=13     Best:        	---       	Black=2      Brilliant:      	White=1     	---} 1/2-1/2

[Event "57th Biel Festival MTO 2024"]
[White "Saraci,Nderim"]
[Black "Toktomushev,Teimur"]
[Site "Biel"]
[Round "5.20"]
[Annotator "TA"]
[Result "1/2-1/2"]
[Date "2024.07.19"]
[WhiteElo "2449"]
[BlackElo "2300"]
[PlyCount "105"]
[TimeControl "60"]

1. Nf3 d5 2. g3 Nf6 3. Bg2 e6 4. O-O Be7 5. d3 O-O 6. Nbd2 c5 7. e4 Nc6 8. Re1 Qc7 9. e5 Nd7 10. Qe2 b5 11. h4 a5 12. Nf1 Ba6 13. Bf4 Rfc8 14. Ne3 Qd8 15. h5 h6 16. g4 b4 17. Qd2 Nb6 18. Nf1 c4 19. b3 a4 20. g5 hxg5 21. Bxg5 cxd3 22. Qf4 dxc2 23. h6 Nd4 24. Bxe7 Nxf3+ 25. Bxf3 Qxe7 26. hxg7 Kxg7 27. Ng3 Kf8 28. Kg2 Ke8 29. Rh1 Kd7 30. Rh7 Rf8 31. Qd4 $2 {[%emt 0:0:59] [#]} (31. Rc1 $17 {was worth a try.} )axb3 $1 $19 32. axb3 Bd3 $1 33. Rhh1 Rxa1 34. Rxa1 Rc8 $1 35. Rc1 Qg5 36. Qxb6 $2 (36. Rxc2 Rxc2 (36... Bxc2 $2 37. Qxb6 Qxe5 38. Qb5+ Kd8 39. Qxb4 $19 )37. Qxd3 )Qxc1 $19 37. Qd6+ Ke8 38. Bh5 Qh6 (38... Qf4 39. Qxe6+ Kf8 (39... Kd8 40. Qd6+ Ke8 41. Qe6+ Kf8 42. Qxc8+ $17 )40. Qxc8+ $17 )39. Bxf7+ Kxf7 40. Qd7+ Kg6 $2 (40... Kg8 $19 41. Qxc8+ Kh7 )41. Qxe6+ $17 Kg7 (41... Kh7 $142 42. Qd7+ Kg8 (42... Qg7 43. Qh3+ Kg8 44. Qxc8+ Qf8 45. Qg4+ Kh8 46. Qh4+ Bh7 47. Ne2 $17 )43. Qxc8+ Qf8 44. Qg4+ Kh8 45. Qh3+ Bh7 )42. Qd7+ $17 Kg8 (42... Kg6 43. Qd6+ Kh7 (43... Kg7 44. Qd7+ Kg8 45. Qxc8+ Qf8 46. Qg4+ Kh8 47. Qh4+ Bh7 48. Ne2 $15 )44. Qd7+ Kg8 (44... Qg7 45. Qh3+ Kg8 46. Qe6+ Qf7 47. Qxc8+ Qf8 48. Qg4+ Kh8 49. Qh4+ Bh7 50. Ne2 $17 )45. Qxc8+ Qf8 46. Qg4+ Kh8 47. Qh4+ Bh7 48. Ne2 $17 )43. Qxc8+ Qf8 44. Qc6 (44. Qg4+ $17 Kh8 45. Qh4+ Bh7 46. Ne2 )Kh8 $2 (44... d4 $19 {And now ...Qf4 would win.} 45. e6 Bg6 )45. e6 $1 $15 Bg6 46. Qc7 $1 d4 47. e7 Qf7 (47... Qe8 $5 48. f3 $8 d3 $11 )48. f4 Qd5+ (48... Qxb3 $2 49. Qe5+ Kh7 50. Ne4 $18 (50. e8=B Bxe8 51. Qxe8 Qd5+ 52. Kf2 c1=Q $11 )(50. e8=B Bxe8 51. Qxe8 Qd5+ 52. Kf2 c1=Q $11 ))(48... d3 $5 49. Qe5+ $8 Kh7 $11 (49... Kg8 $2 50. Nf5 $18 ))49. Kh2 $2 {[%emt 0:2:41][%mdl 8192] [#]} (49. Kf2 $11 )Qg8 $2 (49... Qxb3 50. Qe5+ Kh7 51. Nh5 Qg8 52. Nf6+ Kg7 53. Nxg8+ Kxg8 54. Qg5 (54. e8=R+ Bxe8 55. Qxe8+ Kg7 56. Qe5+ Kg6 57. Qe4+ Kf7 58. Qxc2 Ke6 59. Qe4+ Kd7 ))(49... d3 $1 $19 {[%cal Og6e8] Hoping for ...Be8!} 50. Qb8+ Qg8 51. Qe5+ (51. Qxb4 $2 c1=Q $19 )Kh7 )50. f5 (50. Nh5 $5 c1=Q $8 (50... Bxh5 51. Qe5+ Kh7 52. Qxh5+ Kg7 53. Qg5+ Kh7 54. Qxg8+ Kxg8 55. e8=Q+ Kg7 56. Qe7+ Kh8 57. Qf8+ Kh7 58. Qf5+ Kh8 59. Qxc2 )(50... Qe6 51. e8=Q+ Bxe8 52. Qg7# )51. Qe5+ Kh7 52. Nf6+ Kg7 53. Ne8+ (53. Nxg8+ Kxg8 54. e8=Q+ Bxe8 $11 )(53. e8=N+ Qxe8 54. Nxe8+ Kf8 $11 )Kh7 (53... Kh6 54. Qg5+ Kh7 55. Qh4+ )54. Nf6+ Kg7 55. Ne8+ (55. Nxg8+ Kxg8 56. e8=Q+ Bxe8 $11 )(55. e8=N+ Qxe8 56. Nxe8+ Kf8 $11 )Kh7 (55... Kh6 56. Qg5+ Kh7 57. Qh4+ )56. Nf6+ $11 )Be8 51. Qxc2 Qh7+ 52. Kg1 Qxe7 53. Qe4 1/2-1/2

[Event "57th Biel Festival MTO 2024"]
[White "Gloeckler,Christian"]
[Black "Petkidis,Anthony"]
[Site "Biel"]
[Round "5.21"]
[Annotator "TA"]
[Result "0-1"]
[Date "2024.07.19"]
[WhiteElo "2304"]
[BlackElo "2427"]
[PlyCount "88"]
[TimeControl "60"]

1. e4 e5 2. Nf3 Nc6 3. Bb5 a6 4. Ba4 Nf6 5. O-O Be7 6. Re1 b5 7. Bb3 O-O 8. h3 Bb7 9. d3 d5 10. exd5 Nxd5 11. Nbd2 Qd7 {[%emt 0:1:14] The position is equal.} 12. a4 Nf4 13. Ne4 Ng6 14. c3 (14. Bg5 $14 )Na5 $11 {[%emt 0:6:29] Strongly threatening ...Nxb3.} 15. Ba2 Bd5 16. b4 {[%emt 0:6:14] Threatens to win with Bxd5.} Nb7 (16... Nc6 $142 )17. Ng3 (17. h4 {keeps more tension.} Bxa2 18. h5 Bd5 19. hxg6 fxg6 20. axb5 axb5 21. Nxe5 Qe6 22. Rxa8 Rxa8 23. Ng4 )Rad8 18. axb5 axb5 19. Nxe5 Nxe5 20. Rxe5 Bxa2 21. Rxa2 Bf6 $1 22. Re3 Bxc3 23. Ra7 (23. Bb2 $11 {keeps the balance.} Bxb2 (23... Bxb4 $2 24. Nh5 $18 )24. Rxb2 )Bd4 $17 24. Rxb7 Qc6 $1 25. Nf5 Qxb7 26. Qg4 Qa7 (26... Bxe3 27. Qxg7# )27. Kh2 Qa1 $19 28. Re4 Bf6 ({Resist} 28... Bxf2 29. Qg5 Rd7 (29... Rxd3 30. Re2 $11 )30. Rf4 $17 )(28... Be5+ $1 $19 29. Bf4 Bxf4+ 30. Rxf4 g6 (30... Rxd3 31. Nh6+ Kh8 32. Nxf7+ Rxf7 33. Qc8+ ))29. Be3 g6 {[%emt 0:3:30][%cal Oh7h5] ...h5! is the strong threat.} (29... Rxd3 $2 {too greedy.} 30. Nh6+ Kh8 31. Nxf7+ Kg8 32. Bc5 $18 )30. Nh6+ (30. Bc5 $142 )Kg7 $17 31. Qf4 {[%emt 0:4:42] Inhibits Be5.} Rxd3 32. Ng4 {[%emt 0:5:11] [#]} h5 $1 33. Nxf6 Qxf6 34. Qxc7 {[%emt 0:0:39] [#]} Rd5 ({Better is} 34... Rfd8 $1 $19 35. Bf4 Kh7 )35. Rf4 (35. Bc5 $17 {was called for.} )Qd8 $19 36. Qc6 Kg8 (36... Re8 $19 37. Bc5 Re1 )37. Rf6 (37. Bc5 $17 Re8 38. Qxb5 )Qd7 (37... Re8 $19 38. Bc5 Qd7 39. Qxd7 Rxd7 )38. Qc2 (38. Qxd7 $17 Rxd7 39. Rb6 )Rf5 39. Rc6 (39. Qc6 $17 Qxc6 40. Rxc6 )Rd8 40. Qc3 Kh7 {[%emt 0:2:40] Repels Bh6} 41. Qc1 Qd1 (41... Qe8 $19 {has better winning chances. aiming for ...Qe5+.} 42. Ra6 Rd3 )42. Qa3 $2 (42. Qxd1 $17 Rxd1 43. h4 )Qe1 {[%emt 0:5:31] And now ...Rd1 would win.} 43. Qb2 h4 {[%emt 0:6:2] ( -> ...Rd1)} 44. Rc1 Rd1 {[%emt 0:0:8] Weighted Error Value: White=0.33/Black=0.28 (precise) .  Mistake:       	White=9     	Black=6      Inaccurate:     	White=2     	Black=2      OK:         	White=11    	Black=13     Best:        	White=2     	Black=4      Strong:       	---       	Black=3} 0-1